 Dungeon Crawl Stone Soup version 0.30-a0-125-g51eefa89be (webtiles) character file.

Game seed: 3112375498870857423

40 Jerej03 the Chiller (level 3, -4/21 HPs)
             Began as a Demonspawn Ice Elementalist on Sept 18, 2022.
             Killed from afar by Crazy Yiuf (25 damage)
             ... with a bolt of light
             ... on level 2 of the Dungeon.
             The game lasted 00:12:49 (1526 turns).

Jerej03 the Chiller (Demonspawn Ice Elementalist)   Turns: 1526, Time: 00:12:49

Health: -4/21      AC:  5    Str:  8    XL:     3   Next: 30%
Magic:  6/6        EV: 12    Int: 18    God:
Gold:   111        SH:  0    Dex: 13    Spells: 3/7 levels left

rFire   . . .      SeeInvis .    n - +2 spear (flame)
rCold   . . .      Faith    .    (no shield)
rNeg    . . .      Spirit   .    a - +0 robe
rPois   .          Reflect  .    (no helmet)
rElec   .          Harm     .    c - +0 cloak
rCorr   .          Rampage  .    (no gloves)
Will    .....                    (no boots)
Stlth   ++........               (no amulet)
HPRegen 0.07/turn                (no ring)
MPRegen 0.20/turn                (no ring)

@: no status effects
A: reduced essence, molten scales 1, magic regeneration
a: no special abilities


You were on level 2 of the Dungeon.
You visited 1 branch of the dungeon, and saw 2 of its levels.

You collected 111 gold pieces.

Inventory:

Hand Weapons
 n - a +2 spear of flaming (weapon)
Armour
 a - a +0 robe (worn)
 c - a +0 cloak (worn)
Magical Staves
 i - a staff of earth
Scrolls
 d - 2 scrolls of teleportation
 e - a scroll of poison {unknown}
 j - a scroll of enchant weapon {unknown}
 k - a scroll of immolation
 l - a scroll of brand weapon {unknown}
Potions
 b - a potion of magic
 g - a potion of mutation
 h - a potion of heal wounds {unknown}
 m - a potion of curing


   Skills:
 + Level 2.0 Dodging
 + Level 1.7 Stealth
 + Level 2.5 Spellcasting
 + Level 4.3 Ice Magic


You had 3 spell levels left.
You knew the following spells:

 Your Spells              Type           Power      Damage    Failure   Level
a - Freeze                Ice            68%        1d8       3%          1
b - Frozen Ramparts       Ice            34%        1d6       9%          3

Your spell library contained the following spells:

 Spells                   Type           Power      Damage    Failure   Level
 Ozocubu's Armour         Ice            17%        N/A       9%          3
 Apportation              Tloc           4%         N/A       17%         1
 Necrotise                Necr           8%         1d4       17%         1
 Summon Small Mammal      Summ           8%         N/A       17%         1
 Tukima's Dance           Hex            2%         N/A       45%         3
 Hailstorm                Conj/Ice       10%        3d5       56%         4
 Passage of Golubria      Tloc           2%         N/A       86%         4
 Petrify                  Tmut/Erth      2%         N/A       86%         4
 Metabolic Englaciation   Hex/Ice        5%         N/A       89%         5
 Yara's Violent Unravell  Hex/Tmut       1%         3d3       99%         5
 Statue Form              Tmut/Erth      1%         N/A       100%        6


Dungeon Overview and Level Annotations

Branches:
Dungeon (2/15)

Altars:
Hepliaklqana

Shops:
D:1 (

Annotations:
D:2 Crazy Yiuf


Innate Abilities, Weirdness & Mutations

Your life essence is reduced to manifest your ancestor. (-10% HP)
You are partially covered in molten scales. (AC +2)
You regenerate magic rapidly.


Message History

Found 5 stones.
There is a stone staircase leading up here.
m - a green potion
Found 8 stones.
Found a stone staircase leading down.
You see here a +2 spear of flaming.
You see here a +2 spear of flaming.
n - a +2 spear of flaming Your +2 spear of flaming bursts into flame!
n - a +2 spear of flaming (weapon)
You drop a +0 spear.
A hobgoblin comes into view.
You see here a scroll labelled XUFEUPL WURU.
The hobgoblin shouts!
Unknown command.
You hit the hobgoblin. You burn the hobgoblin.
You kill the hobgoblin!
l - a scroll labelled XUFEUPL WURU
There are no items here.
As you read the scroll labelled ZIPPOE KOKHLECI, it crumbles to dust.
You feel strangely unstable.
It was a scroll of teleportation.
You see here a hobgoblin corpse.
Your surroundings suddenly seem different.
Okay, then.
As you read the scroll labelled BUAXON XEORUOMP, it crumbles to dust.
It is a scroll of identify.
g - a potion of mutation
As you read the scroll of identify, it crumbles to dust.
m - a potion of curing You see here a +0 dagger.
Found a hammer.
Found a runed translucent door.
Crazy Yiuf shouts!
Crazy Yiuf laughs, "Aardvark!"
Reach: n) +2 spear (flame)
Press: ? - help, Dir - move target You open the door.
Okay, then.
Crazy Yiuf zaps a wand.
The bolt of light hits you!!
Ouch! That really hurt!
You die...

######## #......#
#######.####.# ###
###.#..#...# #.###
#...##@.#.......###..##
#...g.####......##.....
#)..### ##.#..###..#.#
### ###### #..†).
#.##.. #..... #.....
#.#... #....#


You could see Crazy Yiuf.

Vanquished Creatures
  A worm (D:2)
  A dart slug (D:1)
  5 bats
  2 endoplasms (D:1)
  3 giant cockroaches (D:1)
  5 goblins (D:1)
  5 hobgoblins
  4 kobolds (D:1)
  A quokka (D:1)
  3 ball pythons (D:1)
  3 frilled lizards
33 creatures vanquished.

Notes
Turn   | Place    | Note
-------+----------+-------------------------------------------
     0 | D:1      | Jerej03 the Demonspawn Ice Elementalist began the quest for
                  | the Orb.
     0 | D:1      | Reached XP level 1. HP: 13/13 MP: 3/3
    96 | D:1      | Found Jishutuh's Weapon Boutique.
   407 | D:1      | Gained mutation: You regenerate magic rapidly. [demonic
                  | ancestry]
   407 | D:1      | Reached XP level 2. HP: 19/19 MP: 1/5
   453 | D:1      | Reached skill level 4 in Ice Magic
   897 | D:1      | Gained mutation: You are partially covered in molten
                  | scales. (AC +2) [demonic ancestry]
   897 | D:1      | Reached XP level 3. HP: 21/24 MP: 4/6
  1281 | D:2      | Learned a level 3 spell: Frozen Ramparts
  1293 | D:2      | Found a faded altar of an unknown god.
  1317 | D:2      | Prayed at the altar of an unknown god.
  1317 | D:2      | Became a worshipper of Hepliaklqana the Forgotten
  1317 | D:2      | Reached * piety under Hepliaklqana
  1318 | D:2      | Fell from the grace of Hepliaklqana
  1519 | D:2      | Found a runed translucent door.
  1520 | D:2      | Noticed Crazy Yiuf
  1526 | D:2      | Killed from afar by Crazy Yiuf

Illustrated notes

Levels and vault maps discovered:
D:1:      lemuel_arrival_tunnels, layout_loops_ring, serial_shops, shop,
          minmay_misc_feat_pillars
D:2:      layout_loops_ring, hellmonk_ecumenical_altar_blasted,
          uniq_crazy_yiuf_cottage, uniq_natasha

Skill      XL: |  1  2  3 |
---------------+----------+-----
Ice Magic      | 4 |  4.3
Dodging        | 2 |  2.0
Stealth        | |  1.7
Spellcasting   | |  2.5

Action                   || total
-------------------------++-------
Melee: Dagger            ||    13
       Spear             ||     1
 Cast: Freeze            ||    44
Invok: Ancestor Identity ||     1
       Renounce Religion ||     1
  Use: Scroll            ||     3
Armor: Robe              ||     7
Dodge: Dodged            ||    23

Table legend: (Time is in decaauts)
 A = Elapsed time spent in this place.
 B = Non-inter-level travel time spent in this place.
 C = Inter-level travel time spent in this place.
 D = Time resting spent in this place.
 E = Time spent auto-exploring this place.
 F = Levels seen in this place.
 G = Mean time per level.
                   A        B        C        D        E       F      G
               +--------+--------+--------+--------+--------+-----+--------+
         Total |   1524 |   1440 |     84 |      0 |   1196 |   2 |  762.0 |
       Dungeon |   1524 |   1440 |     84 |      0 |   1196 |   2 |  762.0 |
               +--------+--------+--------+--------+--------+-----+--------+

Top non-repeatable levels by time:
     D:1: 1218 daAuts
     D:2: 305 daAuts
